Map: 闪烬平原-天梯版

Players

ShoWTimE

  • Race: Protoss Protoss

TIME (Oliveira) - Winner!

  • Race: Terran Terran

Event: DreamHack SC2 Masters Last Chance 2022

VOD

Have the link to the VOD?

Description

Time

  • Played on: Dec. 19, 2021, 8:16 p.m.
  • Length: 7:30

All games in this series

Show
View Real Time Build Order
Export as new Build Order

ShoWTimE Protoss 

Build Orders: 1 Gate Expand, Oracle Opening 

Get SALT Encoding   

  12  0:00  Probe  
  13  0:12  Probe  
  14  0:16  Pylon  
  14  0:24  Probe (Chrono Boost)  
  15  0:36  Gateway, Probe (Chrono Boost)  
  16  0:44  Probe (Chrono Boost)  
  17  0:51  Assimilator, Probe  
  18  1:03  Probe  
  19  1:15  Probe  
  20  1:22  Nexus  
  20  1:31  Cybernetics Core  
  20  1:35  Probe  
  21  1:41  Assimilator  
  22  1:47  Probe  
  22  1:49  Pylon  
  22  1:59  Probe  
  23  2:06  Adept (Chrono Boost)  
  25  2:11  Probe  
  25  2:15  Stargate  
  25  2:23  Probe (Chrono Boost)  
  25  2:28  Adept  
  25  2:29  Warp Gate  
  28  2:34  Probe (Chrono Boost)  
  30  2:41  Probe (Chrono Boost)  
  31  2:44  Probe (Chrono Boost)  
  31  2:48  Probe (Chrono Boost)  
  31  2:49  Probe (Chrono Boost)  
  33  2:58  Adept  
  35  2:59  Probe  
  35  3:00  Oracle (Chrono Boost)  
  35  3:01  Probe  
  40  3:07  Pylon  
  40  3:11  Probe  
  41  3:13  Probe  
  42  3:23  Probe  
  42  3:25  Probe  
  44  3:28  Gateway  
  44  3:29  Oracle (Chrono Boost)  
  47  3:36  Probe  
  47  3:37  Probe  
  47  3:40  Gateway  
  49  3:48  Probe  
  50  3:49  Probe  
  50  3:51  Pylon  
  51  4:00  Probe  
  51  4:01  Probe  
  53  4:12  Probe  
  53  4:13  Probe  
  55  4:17  Robotics Facility  
  55  4:20  Twilight Council  
  55  4:22  Assimilator  
  55  4:24  Nexus, Probe  
  55  4:27  Probe  
  55  4:29  Assimilator  
  57  4:33  Phoenix  
  57  4:36  Probe  
  60  4:39  Probe  
  60  4:42  Pylon  
  60  4:43  Pylon  
  61  4:48  Probe  
  62  4:54  Charge (Chrono Boost)  
  62  5:01  Adept x3, Shield Battery  
  62  5:02  Phoenix  
  62  5:05  Pylon  
  70  5:22  Adept  
  70  5:23  Adept x2  
  76  5:34  Probe  
  72  5:40  Immortal (Chrono Boost)  
  72  5:41  Probe x2  
  72  5:44  Robotics Bay  
  72  5:45  Gateway, Phoenix  
  72  5:46  Probe  
  72  5:48  Zealot  
  77  5:53  Probe x2  
  79  5:59  Zealot x2  
  83  6:05  Probe  
  83  6:07  Probe  
  83  6:09  Probe  
  86  6:18  Probe  
  87  6:23  Pylon  
  87  6:25  Pylon  
  87  6:32  Zealot x2  
  91  6:34  Pylon  
  91  6:39  Colossus (Chrono Boost), Phoenix  
  91  6:40  Pylon  
  91  6:47  Probe x3  
  99  6:49  Gateway  
  99  6:52  Zealot x3  
  106  6:54  Zealot  
  106  6:59  Probe x2  
  106  7:00  Probe, Shield Battery  
  111  7:05  Phoenix  
  113  7:15  Zealot x3  
  98  7:17  Probe x2  
Show
View Real Time Build Order
Export as new Build Order

TIME Terran - Winner!

Build Orders: Reaper Expand 

Get SALT Encoding   

  12  0:00  SCV  
  13  0:12  SCV  
  14  0:17  Supply Depot  
  14  0:24  SCV  
  15  0:38  SCV  
  15  0:39  Barracks  
  16  0:43  Refinery  
  16  0:52  SCV  
  18  1:04  SCV  
  18  1:16  SCV  
  19  1:26  Reaper  
  19  1:28  Orbital Command  
  20  1:39  Command Center  
  20  1:46  Supply Depot  
  20  1:54  SCV  
  21  1:58  Marine  
  22  2:06  SCV  
  22  2:08  Factory  
  23  2:15  Refinery  
  23  2:18  SCV  
  23  2:20  Barracks Reactor  
  24  2:24  Barracks  
  24  2:30  SCV  
  25  2:42  SCV  
  26  2:50  Orbital Command  
  26  2:53  Starport, Widow Mine  
  26  2:56  SCV  
  29  2:58  Marine  
  29  3:00  Marine  
  31  3:08  SCV  
  31  3:11  Barracks Tech Lab  
  32  3:15  Widow Mine  
  32  3:16  SCV  
  35  3:20  SCV, Marine  
  37  3:27  Supply Depot  
  37  3:29  Medivac  
  37  3:30  SCV  
  37  3:33  SCV, Marine  
  42  3:35  Marine  
  42  3:39  Stimpack  
  43  3:44  SCV  
  43  3:45  Factory Tech Lab, Marine  
  43  3:47  SCV  
  46  3:50  Supply Depot  
  46  3:53  Marine  
  46  3:54  Marine  
  48  3:56  SCV  
  48  4:01  SCV  
  49  4:03  Marine  
  49  4:08  SCV  
  50  4:10  Marine  
  50  4:13  Marine  
  50  4:16  Siege Tank  
  50  4:17  SCV  
  55  4:19  Engineering Bay  
  55  4:21  Marine  
  55  4:22  SCV  
  57  4:24  Supply Depot  
  57  4:28  Marine  
  57  4:29  SCV  
  57  4:31  Marine  
  59  4:33  Medivac  
  62  4:41  Supply Depot  
  62  4:46  SCV x2, Refinery, Marine x2  
  62  4:51  Marine  
  67  4:53  Barracks  
  67  4:55  Factory Reactor  
  67  5:02  Terran Infantry Weapons Level 1, SCV  
  67  5:03  SCV  
  67  5:04  Supply Depot  
  67  5:05  Marine  
  70  5:12  Starport Reactor  
  70  5:14  Marine  
  70  5:15  SCV, Refinery  
  70  5:17  Marine  
  70  5:18  SCV  
  74  5:23  Marine  
  74  5:27  SCV  
  65  5:36  Marine x2  
  65  5:40  Marine  
  65  5:41  Widow Mine x2, Marine  
  65  5:42  SCV x2  
  73  5:45  Supply Depot  
  73  5:49  Medivac  
  75  5:53  Medivac  
  75  5:54  Marauder  
  75  5:56  Combat Shield  
  79  5:57  Marine  
  79  5:58  Marauder, Marine  
  79  6:01  SCV  
  84  6:07  Widow Mine  
  86  6:15  SCV, Marine  
  86  6:16  Marauder  
  86  6:17  SCV  
  90  6:20  Marauder, Marine  
  90  6:21  Medivac  
  94  6:29  Supply Depot  
  94  6:37  Command Center  
  94  6:50  Supply Depot  
  94  6:51  Marauder, Widow Mine, Marine x3, Supply Depot  
  101  6:58  SCV  
  102  7:11  Marine x2  

Tags
 
Add a new tag
Caveats
  • Supply blocks, unpowered buildings, or Contaminate may cause inaccurate times.
  • Supply counts are checked every 10 seconds.